 Dungeon Crawl Stone Soup version 0.25.1-2-g60ff931df9 (console) character file.

Game seed: 5999890088776758541

3640 Colgate the Slinger (level 9, -4/65 HPs)
             Began as a Demonspawn Berserker on Aug 2, 2020.
             Was a High Priest of Trog.
             Slain by a deep troll (11 damage)
             ... on level 8 of the Dungeon.
             The game lasted 01:49:16 (7566 turns).

Colgate the Slinger (Demonspawn Berserker)          Turns: 7566, Time: 01:49:16

Health: -4/65      AC: 11    Str: 20    XL:     9   Next: 87%
Magic:  9/9        EV: 11    Int:  8    God:    Trog [*****.]
Gold:   378        SH:  3    Dex: 14    Spells: 8/8 levels left

rFire    + . .     SeeInvis .   b - +0 hunting sling
rCold    . . .     Gourm    .   N - +0 buckler
rNeg     + . .     Faith    .   h - +3 leather armour {rN+}
rPois    .         Spirit   .   (helmet restricted)
rElec    .         Reflect  .   n - scarf {repulsion}
rCorr    +         Harm     .   (no gloves)
MR       ++...                  B - +0 pair of boots
Stlth    +.........             w - amulet of magic regeneration
HPRegen  1.20/turn              e - ring of resist corrosion
MPRegen  0.36/turn              s - ring of wizardry

@: regenerating, repel missiles
A: antennae 2, iridescent scales 2, fire resistance 1, spiny 1, flame cloud
immunity
a: Berserk, Trog's Hand, Brothers in Arms, Renounce Religion


You were on level 8 of the Dungeon.
You worshipped Trog.
Trog was extremely pleased with you.
You were very hungry.

You visited 1 branch of the dungeon, and saw 8 of its levels.

You collected 378 gold pieces.

Inventory:

Hand Weapons
 a - a +0 morningstar
 b - a +0 hunting sling (weapon)
 H - a +5 halberd of flaming
Missiles
 f - 2 silver boomerangs
 i - 237 stones
 k - 9 boomerangs
 m - 23 arrows
 u - 27 poisoned darts
 C - 59 bolts
 J - 12 sling bullets (quivered)
 Q - 2 javelins
Armour
 h - a +3 leather armour of positive energy (worn)
 l - a +0 chain mail
 n - a scarf of repulsion (worn)
 B - a +0 pair of boots (worn)
 L - +0 acid dragon scales
 M - a +0 plate armour
 N - a +0 buckler (worn)
Jewellery
 e - a ring of resist corrosion (left hand)
 s - a ring of wizardry (right hand)
 w - an amulet of magic regeneration (around neck)
Wands
 D - a wand of clouds (3)
 S - a wand of flame (24)
Scrolls
 g - a scroll of silence {unknown}
 j - 2 scrolls of enchant weapon {unknown}
 o - 4 scrolls of fog
 r - 2 scrolls of immolation {unknown}
 v - 4 scrolls of enchant armour
 y - 3 scrolls of remove curse
 A - 6 scrolls of teleportation
 G - 2 scrolls of blinking {unknown}
 K - 2 scrolls of magic mapping {unknown}
 P - a scroll of acquirement {unknown}
Potions
 d - 2 potions of flight
 p - 3 potions of heal wounds
 q - 3 potions of curing
 t - 2 potions of degeneration
 x - 3 potions of haste
 z - 2 potions of stabbing
 E - a potion of might
 F - a potion of ambrosia {unknown}
 I - 2 potions of brilliance
 O - 2 potions of magic
 R - a potion of mutation
Comestibles
 c - 16 rations


   Skills:
 - Level 4.0 Fighting
 - Level 4.2 Maces & Flails
 + Level 10.4(11.1) Slings
 - Level 6.1(9.1) Throwing
 - Level 2.1 Armour
 - Level 1.7 Dodging


You had 8 spell levels left.
You didn't know any spells.
Your spell library was empty.

Dungeon Overview and Level Annotations

Branches:
Dungeon (8/15)             Temple (0/1) D:4
   Lair: D:8-11

Altars:
Ashenzari
Cheibriados
Dithmenos
Elyvilon
Kikubaaqudgha
Makhleb
Ru
Trog
Uskayaw
Vehumet
Zin
The Shining One

Shops:
D:8 *

Annotations:
D:8 1 transporter


Innate Abilities, Weirdness & Mutations

You have a pair of antennae on your head.
You are mostly covered in iridescent scales. (AC +4)
Your flesh is heat resistant. (rF+)
You are partially covered in sharp spines.
You are immune to clouds of flame.


Message History

The ice beast dies!
Trog accepts your kill.
Firing (i - inventory. (/) - cycle)
J - 13 sling bullets (quivered)
Press: ? - help, Shift-Dir - straight line, f/p - deep troll
Aim: a deep troll (lightly wounded)
You shoot a sling bullet.
The sling bullet hits the deep troll but does no damage.
The deep troll is lightly wounded.
The deep troll barely misses you. The deep troll claws you!
* * * LOW HITPOINT WARNING * * *
The deep troll claws you but does no damage.
The hornet stings your ogre.
Your ogre seems to slow down.
Your ogre closely misses the hornet.
The hornet barely misses your ogre.
The deep troll is struck by your spines.
The deep troll bites you!
* * * LOW HITPOINT WARNING * * *
You block the deep troll's attack. The deep troll claws you!
You die...

.##.............##...#...##......
.##..........#####...###.##..#._.
..[....÷.....# ###...###.##......
..........÷..# #...............#.
.............###..........#......
...).......#..............#######
...####..............<....# ...#
##########..........# ...#
##..............# )..#
#..#########....# ...#
#.##..@©Oyl##...# .......
#.#8.##T##.8#.#.# #######
#.#$$##(##..#.#.#
...#.=.....T.#...#
..©#_$....©..#©..# #.
#.!.......#..## # #$$##.##..#.##
#8. #.##.8#.# . ...##.#
#######..# .........##


You could see a deep troll, a hornet, an iguana and a friendly ogre (summoned,
berserk, slow).

Vanquished Creatures
  Maggie (D:7)
  Grinder (D:3)
  2 hungry ghosts
  Eustachio (D:5)
  Menkaure (D:4)
  2 sky beasts
  2 ice beasts
  An ogre (D:4)
  A big kobold (D:8)
  7 bullfrogs
  A wyvern zombie (D:6)
  3 scorpions
  4 wights (D:7)
  A howler monkey (D:4)
  5 crimson imps
  3 orc priests
  A bullfrog zombie (D:8)
  A bullfrog skeleton (D:7)
  4 hounds
  3 jellies
  4 orc wizards
  A centaur skeleton (D:5)
  Terence (D:2)
  2 iguanas
  7 worker ants
  3 hound skeletons
  A howler monkey skeleton (D:6)
  8 adders
  A gnoll (D:3)
  A shadow imp (D:8)
  An ooze (D:1)
  An adder skeleton (D:4)
  4 worms
  4 dart slugs
  5 leopard geckos
  10 orcs
  5 ball pythons
  5 giant cockroaches
  9 hobgoblins
  14 jackals
  4 quokkas
  10 bats
  3 frilled lizards
  12 goblins
  14 kobolds
  A leopard gecko skeleton (D:8)
  6 rats
182 creatures vanquished.

Vanquished Creatures (collateral kills)
  An ice beast (D:8)
1 creature vanquished.

Grand Total: 183 creatures vanquished

Notes
Turn   | Place    | Note
-------+----------+-------------------------------------------
     0 | D:1      | Colgate the Demonspawn Berserker began the quest for the
                  | Orb.
     0 | D:1      | Reached XP level 1. HP: 18/18 MP: 1/1
   211 | D:1      | Gained mutation: You are partially covered in sharp spines.
                  | [demonic ancestry]
   211 | D:1      | Reached XP level 2. HP: 24/24 MP: 2/2
   715 | D:1      | Gained mutation: Your flesh is heat resistant. (rF+)
                  | [demonic ancestry]
   715 | D:1      | Reached XP level 3. HP: 30/30 MP: 3/3
   750 | D:1      | Reached ** piety under Trog
  1256 | D:2      | Gained mutation: You have a pair of small antennae on your
                  | head. [demonic ancestry]
  1256 | D:2      | Reached XP level 4. HP: 37/37 MP: 4/4
  1377 | D:2      | Noticed Terence
  1387 | D:2      | Killed Terence
  1414 | D:2      | Reached skill level 1 in Throwing
  1702 | D:3      | Gained mutation: You are partially covered in iridescent
                  | scales. (AC +2) [demonic ancestry]
  1702 | D:3      | Reached XP level 5. HP: 42/42 MP: 5/5
  1833 | D:3      | Noticed Grinder
  1841 | D:3      | Killed Grinder
  1841 | D:3      | Gained mutation: You are mostly covered in iridescent
                  | scales. (AC +4) [demonic ancestry]
  1841 | D:3      | Reached XP level 6. HP: 48/48 MP: 6/6
  1980 | D:3      | Reached *** piety under Trog
  2180 | D:3      | Found an ancient bone altar of Kikubaaqudgha.
  2181 | D:3      | Found a burning altar of Makhleb.
  2226 | D:3      | Reached skill level 1 in Slings
  2821 | D:4      | Reached skill level 5 in Throwing
  2821 | D:4      | Gained mutation: You are immune to clouds of flame.
                  | [demonic ancestry]
  2821 | D:4      | Reached XP level 7. HP: 18/54 MP: 7/7
  3085 | D:4      | Found a staircase to the Ecumenical Temple.
  3325 | D:4      | Noticed Menkaure
  3336 | D:4      | Killed Menkaure
  3887 | D:5      | Entered Level 5 of the Dungeon
  3919 | D:5      | Reached skill level 2 in Slings
  4122 | D:5      | Noticed Eustachio
  4148 | D:5      | Killed Eustachio
  4148 | D:5      | Reached **** piety under Trog
  4148 | D:5      | Reached skill level 3 in Slings
  4148 | D:5      | Gained mutation: You have a pair of antennae on your head.
                  | [demonic ancestry]
  4148 | D:5      | Reached XP level 8. HP: 55/60 MP: 8/8
  4305 | D:5      | Reached skill level 4 in Slings
  4654 | D:6      | Reached skill level 5 in Slings
  4876 | D:6      | Reached skill level 6 in Slings
  5043 | D:6      | Found a snail-covered altar of Cheibriados.
  5046 | D:6      | Found a bloodstained altar of Trog.
  5049 | D:6      | Found a sacrificial altar of Ru.
  5052 | D:6      | Found a hide-covered altar of Uskayaw.
  5449 | D:6      | Reached skill level 7 in Slings
  5704 | D:7      | Reached XP level 9. HP: 65/65 MP: 9/9
  6104 | D:7      | Reached skill level 8 in Slings
  6279 | D:7      | Noticed Maggie
  6289 | D:7      | Killed Maggie
  6616 | D:7      | Reached skill level 9 in Slings
  6791 | D:8      | Reached ***** piety under Trog
  7046 | D:8      | Found a transporter.
  7147 | D:8      | Reached skill level 10 in Slings
  7276 | D:8      | Found a shattered altar of Ashenzari.
  7365 | D:8      | Found Xoosm's Lightly-Used Armoury.
  7502 | D:8      | Found a radiant altar of Vehumet.
  7515 | D:8      | Found a glowing golden altar of the Shining One.
  7516 | D:8      | Found a glowing silver altar of Zin.
  7518 | D:8      | Found a white marble altar of Elyvilon.
  7543 | D:8      | Found a transporter.
  7551 | D:8      | Noticed a deep troll
  7551 | D:8      | Found a shadowy altar of Dithmenos.
  7554 | D:8      | Paralysed by a hornet for 3 turns
  7566 | D:8      | Slain by a deep troll

Illustrated notes

Levels and vault maps discovered:
D:1:      erik_arrival_triangle_huge, layout_loops_ring, kennysheep_minor_cross,
          minmay_misc_feat_cross, hex_large, minmay_split_cup_large
D:2:      layout_basic, hex_medium, uniq_terence
D:3:      minmay_evil_eye, layout_basic, gammafunk_temple_overflow_pools,
          uniq_grinder
D:4:      layout_gridville, temple_doors_ab, first_ration, uniq_menkaure
D:5:      layout_rooms, uniq_eustachio
D:6:      layout_basic, grunt_temple_overflow_cloverleaf
D:7:      layout_basic, uniq_maggie
D:8:      layout_rooms, good_gods_temple_1, gammafunk_temple_overflow_arena,
          vehumet_altar_wand_db, cheibrodos_ashenzari_chains,
          minmay_shop_damaged, uniq_joseph

Skill      XL: |  1  2  3  4  5  6  7  8  9 |
---------------+----------------------------+-----
Maces & Flails | 3 4 |  4.2
Fighting       | 4 |  4.0
Throwing       | 1 4 5 6 |  6.1
Slings         | 1 3 7 10 | 10.4
Armour         | 2 |  2.1
Dodging        | |  1.7

Action                   |  1- 3 |  4- 6 |  7- 9 || total
-------------------------+-------+-------+-------++-------
Melee: Mace              |    86 |    52 |       ||   138
       Flail             |       |     9 |    34 ||    43
       Morningstar       |       |       |    92 ||    92
 Fire: Hunting sling     |    10 |     5 |   259 ||   274
Throw: Boomerang         |    28 |     1 |       ||    29
       Stone             |     2 |       |       ||     2
       Javelin           |     7 |    21 |    20 ||    48
       Dart              |       |    45 |    23 ||    68
Invok: Berserk           |     8 |     6 |     3 ||    17
       Trog's Hand       |       |     1 |     2 ||     3
       Brothers in Arms  |       |       |     1 ||     1
  Use: Scroll            |       |       |    14 ||    14
       Potion            |       |       |     1 ||     1
 Stab: Distracted        |       |     1 |       ||     1
  Eat: Chunk             |     8 |    11 |    21 ||    40
Armor: Scale mail        |    29 |    12 |       ||    41
       Ring mail         |       |     4 |    14 ||    18
       Leather armour    |       |       |    65 ||    65
       Acid dragon scale |       |       |     1 ||     1
Dodge: Dodged            |    50 |    32 |    78 ||   160
       Repelled          |       |     8 |     2 ||    10
Block: Buckler           |       |       |    26 ||    26
